 Dungeon Sprint DCSS version 0.19.0-9-gfd783f2 (webtiles) character file.

21 equalderp2856 the Scratcher (level 2, -4/15 HPs)
             Began as a Felid Fighter on Nov 7, 2016.
             Slain by a black bear (6 damage)
             ... in the Dungeon (Sprint IX: "|||||||||||||||||||||||||||||").
             The game lasted 00:01:10 (577 turns).

equalderp2856 the Scratcher (Felid Fighter)          Turns: 577, Time: 00:01:10

Health: -4/15      AC:  1    Str: 12    XL:     2   Next: 62%
Magic:  3/3        EV: 20    Int:  9    God:
Gold:   0          SH:  0    Dex: 15    Spells: 0 memorised, 1 level left
                                        Lives:  0   Deaths: 0

rFire  . . .     SeeInvis +       - Unarmed
rCold  . . .     Gourm    .     (armour unavailable)
rNeg   . . .     Faith    .     (shield unavailable)
rPois  .         Spirit   .     (helmet unavailable)
rElec  .         Reflect  .     (cloak unavailable)
rCorr  .         Harm     .     (gloves unavailable)
MR     .....     NoTele   +     (boots unavailable)
Stlth  ++........               (no amulet)
                                (no ring)
                                (no ring)

@: quick
A: no armour, no weapons or thrown items, stealth, claws 1, fangs 3, see
invisible, carnivore 3, speed 1, shaggy fur 1, slow metabolism 1, sharp paws
a: no special abilities


You were in the Dungeon.
You were not hungry.

You visited 1 branch

Inventory:

Jewellery
 m - a +3 ring of intelligence
 n - a +2 ring of protection
Wands
 l - a wand of acid (7/15)
Scrolls
 h - 2 scrolls of blinking
 j - 3 scrolls of remove curse
 k - 2 scrolls of amnesia
Potions
 a - a potion of might
 c - 5 potions of curing
 d - 3 potions of heal wounds
 e - a potion of haste
 f - 4 potions of magic
 g - a potion of berserk rage
 i - a potion of invisibility
Comestibles
 b - a meat ration


   Skills:
 + Level 3.8 Fighting
 + Level 5.3 Dodging
 + Level 1.1 Stealth
 + Level 5.5 Unarmed Combat


You had one spell level left.
You didn't know any spells.

Dungeon Overview and Level Annotations

Branches:
Dungeon (1/1)

Altars:
Cheibriados
Dithmenos
Elyvilon
Fedhas
Gozag
Hepliaklqana
Kikubaaqudgha
Makhleb
Nemelex Xobeh
Okawaru
Qazlal
Ru
Sif Muna
Trog
Uskayaw
Vehumet
Xom
Yredelemnul
Zin
The Shining One
Beogh
Jiyva
Lugonu


Innate Abilities, Weirdness & Mutations

You cannot wear armour.
You are incapable of wielding weapons or throwing items.
Your paws allow you to move quietly. (Stealth)
You have sharp claws.
You have razor-sharp teeth.
You have supernaturally acute eyesight. (SInv)
You are carnivorous and can eat meat at any time.
You cover ground quickly.
You are covered in fur. (AC +1)
You have a slow metabolism.
Your sharp claws are effective at attacking unaware monsters.


Message History

The black bear is heavily wounded.
You scratch the black bear but do no damage.
The black bear is heavily wounded.
The black bear barely misses you. The black bear completely misses you.
The black bear claws you.
You scratch the black bear.
The black bear is severely wounded.
The black bear bites you!
Ouch! That really hurt!
* * * LOW HITPOINT WARNING * * *
The black bear misses you.
The black bear claws you but does no damage.
You barely miss the black bear. You bite the black bear.
The black bear is almost dead.
The black bear goes berserk!
You barely miss the black bear. Your claw misses the black bear.
The black bear is almost dead.
The black bear completely misses you. The black bear misses you.
The black bear claws you.
You die...

▓_▓
▓_▓
▓_▓
▓_▓
▓_▓
▓_▓
▓_▓
▓.▓
▓@▓
▓h▓
▓C▓
▓F▓
▓O▓
▓[▓
▓[▓
▓[▓
▓.▓


You could see a hill giant, a black bear (berserk), an ogre and a bullfrog.

Vanquished Creatures
  An adder (D)
  An adder zombie (D)
  2 bats (D)
  A giant cockroach (D)
  A goblin (D)
  A jackal (D)
  A frilled lizard (D)
  A kobold (D)
  A rat (D)
10 creatures vanquished.

Notes
Turn   | Place    | Note
-------+----------+-------------------------------------------
     0 | D        | equalderp2856 the Felid Fighter began the quest for the Orb.
     0 | D        | Reached XP level 1. HP: 10/10 MP: 2/2
   214 | D        | Reached skill level 5 in Dodging
   214 | D        | Reached skill level 1 in Stealth
   214 | D        | Reached skill level 5 in Unarmed Combat
   214 | D        | Reached XP level 2. HP: 15/15 MP: 3/3
   278 | D        | Found a roughly hewn altar of Beogh.
   278 | D        | Found a snail-covered altar of Cheibriados.
   278 | D        | Found a shadowy altar of Dithmenos.
   278 | D        | Found a white marble altar of Elyvilon.
   278 | D        | Found a blossoming altar of Fedhas.
   278 | D        | Found an opulent altar of Gozag.
   279 | D        | Found a hazy altar of Hepliaklqana.
   280 | D        | Found a viscous altar of Jiyva.
   281 | D        | Found an ancient bone altar of Kikubaaqudgha.
   282 | D        | Found a corrupted altar of Lugonu.
   283 | D        | Found a burning altar of Makhleb.
   284 | D        | Found a sparkling altar of Nemelex Xobeh.
   285 | D        | Found an iron altar of Okawaru.
   286 | D        | Found a stormy altar of Qazlal.
   287 | D        | Found a sacrificial altar of Ru.
   288 | D        | Found a deep blue altar of Sif Muna.
   289 | D        | Found a bloodstained altar of Trog.
   290 | D        | Found a hide-covered altar of Uskayaw.
   291 | D        | Found a radiant altar of Vehumet.
   292 | D        | Found a shimmering altar of Xom.
   293 | D        | Found a basalt altar of Yredelemnul.
   294 | D        | Found a glowing silver altar of Zin.
   295 | D        | Found a glowing golden altar of the Shining One.
   320 | D        | Noticed a black bear
   320 | D        | Noticed a bullfrog
   320 | D        | Noticed a crimson imp
   320 | D        | Noticed a hill giant
   320 | D        | Noticed an ogre
   320 | D        | Noticed a centaur
   577 | D        | Slain by a black bear

Skill      XL: |  1 |
---------------+----+-----
Dodging        | 5 |  5.3
Stealth        | 1 |  1.1
Unarmed Combat | 5 |  5.5
Fighting       | |  3.8

Action                   || total
-------------------------++-------
Melee: Unarmed           ||    49
       Bite              ||     6
 Stab: Sleeping          ||     1
Armor: Skin              ||     4
Dodge: Dodged            ||    55
